Map: Eternal Empire LE

Players

Grimper

  • Race: Zerg Zerg
  • Spawn Location: 7:00

Ratl - Winner!

  • Race: Protoss Protoss
  • League: Silver
  • Spawn Location: 1:00

VOD

Have the link to the VOD?

Description

Time

  • Played on: Feb. 10, 2020, 8:30 a.m.
  • Length: 14:14
Show
View Real Time Build Order
Export as new Build Order

Grimper Zerg 

Build Orders: Pool First 

Get SALT Encoding   

  12  0:08  Drone x2  
  14  0:16  Overlord  
  14  0:35  Drone  
  15  0:47  Spawning Pool  
  14  0:53  Extractor, Drone x3  
  16  1:28  Drone  
  16  1:29  Drone x2  
  19  1:39  Hatchery  
  18  1:45  Queen  
  20  1:49  Zergling x2  
  21  2:03  Metabolic Boost  
  21  2:07  Overlord  
  21  2:08  Overlord  
  21  2:32  Queen  
  23  2:46  Zergling x6  
  26  2:53  Queen  
  28  3:02  Roach Warren  
  27  3:06  Extractor, Drone  
  27  3:07  Drone  
  29  3:20  Zergling x4  
  30  3:29  Queen  
  32  3:40  Drone x2  
  32  3:41  Drone  
  35  3:51  Drone x3  
  37  4:19  Lair  
  36  4:48  Drone x6  
  36  4:49  Drone  
  36  4:50  Overlord  
  43  5:15  Lair  
  43  5:31  Roach x4  
  43  5:33  Overlord x3  
  43  5:34  Hatchery  
  50  5:44  Extractor  
  50  5:46  Queen  
  51  6:19  Drone x2  
  51  6:20  Drone  
  51  6:22  Queen  
  56  6:32  Hydralisk Den  
  51  6:54  Roach x2  
  51  6:55  Roach x6  
  67  7:15  Queen  
  69  7:33  Drone  
  69  7:34  Drone x3  
  73  7:38  Drone x2  
  75  8:16  Drone x2  
  75  8:17  Drone  
  78  8:30  Hatchery  
  77  8:36  Hydralisk x2  
  77  8:38  Overlord x3  
  77  8:39  Overlord  
  81  8:49  Lair  
  81  8:56  Evolution Chamber  
  80  9:09  Roach x6  
  92  9:10  Roach  
  94  9:42  Zergling x8  
  94  9:43  Zergling x6  
  101  9:49  Queen  
  103  9:55  Lair  
  104  10:00  Drone x2  
  104  10:02  Overlord  
  104  10:03  Overlord x3  
  105  10:17  Extractor, Drone  
  105  10:18  Drone  
  106  10:25  Extractor  
  105  10:35  Roach x2  
  109  10:36  Roach x4  
  109  10:37  Hydralisk  
  109  10:38  Hydralisk x3  
  125  11:10  Roach x5  
  125  11:11  Roach x6  
  143  11:12  Roach  
  80  11:55  Hydralisk x3  
  80  11:56  Hydralisk x7  
  80  11:57  Hydralisk x2  
  104  12:05  Queen  
  106  12:41  Queen  
  108  12:48  Hatchery  
  107  13:03  Drone x3  
  110  13:28  Hydralisk  
  110  13:29  Hydralisk x6  
  110  13:30  Hydralisk x4  
Show
View Real Time Build Order
Export as new Build Order

Ratl Protoss - Winner!

Build Orders: Chargelot Immortal 

Get SALT Encoding   

  12  0:01  Probe  
  13  0:13  Probe  
  14  0:21  Pylon  
  14  0:25  Probe  
  15  0:39  Probe  
  16  0:46  Gateway  
  16  0:51  Probe  
  16  0:55  Assimilator  
  17  1:03  Probe  
  18  1:15  Probe  
  19  1:29  Gateway  
  19  1:32  Probe  
  20  1:44  Probe  
  21  1:51  Cybernetics Core  
  21  1:56  Probe  
  21  2:00  Nexus  
  22  2:08  Probe (Chrono Boost)  
  23  2:19  Pylon  
  23  2:31  Pylon  
  23  2:37  Probe, Zealot  
  25  2:47  Adept  
  25  2:49  Probe  
  28  2:54  Assimilator  
  28  2:59  Pylon  
  28  3:01  Probe  
  29  3:13  Probe x2  
  31  3:20  Robotics Facility  
  31  3:25  Probe (Chrono Boost)  
  31  3:26  Probe (Chrono Boost)  
  33  3:29  Adept  
  33  3:33  Warp Gate  
  35  3:37  Probe (Chrono Boost)  
  37  3:42  Probe (Chrono Boost)  
  37  3:46  Probe (Chrono Boost)  
  38  3:50  Probe (Chrono Boost)  
  40  3:56  Probe (Chrono Boost), Gateway, Forge  
  40  3:57  Probe (Chrono Boost)  
  41  4:03  Probe x2  
  41  4:07  Stalker  
  45  4:15  Probe x2  
  47  4:27  Probe  
  47  4:28  Probe  
  49  4:33  Assimilator  
  49  4:36  Observer  
  49  4:37  Assimilator  
  50  4:39  Probe  
  50  4:40  Probe, Protoss Ground Weapons Level 1  
  52  4:46  Twilight Council  
  52  4:52  Probe x2  
  54  5:04  Probe x2  
  56  5:16  Probe x2  
  58  5:24  Charge  
  58  5:27  Zealot x2  
  62  5:36  Pylon  
  62  5:37  Pylon  
  62  5:47  Nexus  
  62  5:50  Pylon  
  62  5:52  Pylon  
  62  5:54  Probe x2  
  64  6:06  Probe  
  63  6:16  Adept x2  
  67  6:18  Sentry  
  67  6:22  Immortal  
  73  6:34  Protoss Ground Weapons Level 2  
  73  6:40  Probe x2  
  75  6:52  Probe x2  
  77  7:01  Immortal  
  77  7:02  Robotics Facility  
  77  7:04  Probe  
  82  7:12  Templar Archives  
  82  7:19  Photon Cannon  
  82  7:23  Photon Cannon  
  82  7:26  Probe x2  
  82  7:27  Probe  
  82  7:28  Photon Cannon  
  85  7:30  Photon Cannon  
  85  7:33  Zealot x3  
  85  7:35  Assimilator  
  91  7:38  Probe, Assimilator  
  91  7:39  Probe x2  
  91  7:43  Immortal  
  98  7:45  Pylon, Immortal  
  98  7:49  Pylon  
  102  7:55  Robotics Bay  
  102  8:04  Zealot x3  
  108  8:23  Immortal (Chrono Boost)  
  108  8:24  Gateway  
  108  8:25  Nexus  
  112  8:27  Gateway  
  112  8:29  Gateway  
  112  8:30  Gateway  
  112  8:32  Gateway  
  112  8:33  Gateway  
  112  8:37  Probe x3  
  112  8:39  Gateway  
  112  8:41  Immortal (Chrono Boost), Zealot x2  
  117  8:42  Gateway, Zealot  
  125  9:01  Pylon  
  125  9:03  Pylon  
  125  9:07  Pylon  
  125  9:08  Pylon  
  125  9:11  Pylon  
  125  9:12  Pylon  
  125  9:19  Probe x3  
  125  9:21  Immortal  
  125  9:22  Immortal  
  136  9:26  Gravitic Drive  
  139  9:31  Probe x3  
  139  9:33  High Templar x6  
  139  9:34  High Templar x2  
  139  9:38  Psionic Storm  
  155  9:55  Assimilator  
  155  10:00  Assimilator  
  155  10:01  Warp Prism (Chrono Boost), Observer (Chrono Boost)  
  158  10:13  Protoss Ground Weapons Level 3 (Chrono Boost)  
  158  10:17  Probe  
  159  10:24  Immortal (Chrono Boost)  
  163  10:31  Stalker x7  
  163  10:32  Stalker x2  
  163  10:33  Stalker  
  183  10:41  Immortal, Photon Cannon  
  183  10:44  Photon Cannon  
  183  10:47  Probe  
  188  11:02  Pylon  
  188  11:06  Pylon  
  188  11:09  Pylon  
  188  11:12  Immortal  
  188  11:13  Pylon x2  
  188  11:25  Forge x2  
  147  11:55  High Templar  
  147  11:56  High Templar x6  
  147  11:57  High Templar  
  147  11:59  Archon  
  147  12:00  Archon x3  
  163  12:01  Archon x2  
  163  12:04  Probe  
  163  12:05  Probe  
  165  12:15  Immortal x2  
  173  12:17  Zealot x3  
  179  12:30  Gateway x2  
  179  12:36  Gateway x2  
  179  12:44  Zealot  
  179  12:45  Zealot x3  
  179  12:46  High Templar x4  
  179  12:48  Zealot x2  
  199  13:31  Observer  
Tags
 
Add a new tag
Caveats
  • Supply blocks, unpowered buildings, or Contaminate may cause inaccurate times.
  • Supply counts are checked every 10 seconds.